 Dungeon Crawl Stone Soup version 0.17-a0-2027-gcac42c4 (webtiles) character file.

7650 Gorice the Fighter (level 10, 0/97 HPs)
             Began as a Centaur Hunter on Oct 10, 2015.
             Was a Priest of Okawaru.
             Slain by a centaur warrior (11 damage)
             ... on level 9 of the Dungeon.
             The game lasted 00:54:49 (13877 turns).

Gorice the Fighter (Centaur Hunter)                Turns: 13877, Time: 00:54:49

Health: 0/97       AC: 11    Str: 16      XL:     10   Next: 99%
Magic:  10/10      EV:  9    Int: 10      God:    Okawaru [***...]
Gold:   486        SH:  0    Dex: 14 (15) Spells: 0 memorised, 9 levels left

rFire  . . .     SeeInvis .     a - +2 whip (elec)
rCold  . . .     Clarity  .     V - +4 scale mail
rNeg   . . .     SustAt   .     (no shield)
rPois  .         Gourm    .     (no helmet)
rElec  .         Spirit   .     (no cloak)
rCorr  .         Warding  .     X - +0 pair of gloves
rMut   .         Stasis   .     (no barding)
MR     .....                    w - amulet of rage
Stlth  ..........               (no ring)
                                m - +3 ring of dexterity

@: very quick, not resistant to hostile enchantments, extremely unstealthy
A: hooves 3, deformed body, speed 2, tough skin 3
a: Heroism, Renounce Religion, Evoke Berserk Rage


You were on level 9 of the Dungeon.
You worshipped Okawaru.
Okawaru was most pleased with you.
You were not hungry.

You visited 2 branches of the dungeon, and saw 10 of its levels.

You collected 486 gold pieces.

Inventory:

Hand Weapons
 a - a +2 whip of electrocution (weapon)
   (You took it off Pikel on level 3 of the Dungeon)
 b - a +3 shortbow of flaming
   (You took it off a centaur on level 9 of the Dungeon)
 c - a +0 glaive
 j - a +1 shortbow
 r - a +0 short sword
 C - a +0 rapier
 D - a +1 flail of crushing
   (You found it on level 5 of the Dungeon)
 E - a +3 flail of holy wrath
   (You took it off Edmund on level 5 of the Dungeon)
 S - a +0 dire flail
 T - a +0 quarterstaff
Missiles
 g - 152 arrows
 o - 25 poisoned needles
 I - 13 curare-tipped needles
 L - 4 poisoned arrows
 O - 8 tomahawks (quivered)
 Y - 2 throwing nets
 Z - 386 stones
Armour
 K - a +2 large shield
 R - a +3 ring mail
 V - a +4 scale mail (worn)
 X - a +0 pair of gloves (worn)
Jewellery
 m - a +3 ring of dexterity (left hand)
 w - an amulet of rage (around neck)
Wands
 d - a wand of draining (8)
 f - a wand of magic darts (27)
 u - a wand of magic darts (26)
 x - a wand of fireball (3)
 P - a wand of cold (5)
 U - a wand of paralysis (2)
Scrolls
 h - 2 scrolls of recharging
 k - 7 scrolls of amnesia
 l - a scroll of remove curse
 v - 5 scrolls of teleportation {!r}
 y - 2 scrolls of noise {!r}
 G - 2 scrolls of fog
 N - a scroll of enchant armour
Potions
 i - a potion of agility {!q}
 q - 2 potions of flight
 s - a potion of might {!q}
 t - 2 potions of curing
 z - a potion of haste {!q}
 A - a potion of degeneration {unknown}
 B - a potion of berserk rage {unknown}
 J - a potion of heal wounds {!q}
 M - a potion of lignification {unknown}
Books
 Q - a book of Hinderance
Comestibles
 e - 9 bread rations {!e}
 n - a royal jelly
 p - 6 chunks of flesh
 F - 38 fruits
 H - 3 meat rations {!e}


   Skills:
 - Level 12.0 Fighting
 - Level 6.1 Maces & Flails
 + Level 10.1 Bows
 * Level 0.9 Armour
 - Level 5.4 Dodging
 - Level 0.5 Stealth


You had 9 spell levels left.
You didn't know any spells.

Dungeon Overview and Level Annotations

Branches:
Dungeon (9/15)             Temple (1/1) D:7
   Lair: D:8-11         Orc: D:9-12

Altars:
Ashenzari
Cheibriados
Dithmenos
Elyvilon
Fedhas
Gozag
Kikubaaqudgha
Makhleb
Nemelex Xobeh
Okawaru
Qazlal
Ru
Sif Muna
Trog
Vehumet
Xom
Yredelemnul
Zin
The Shining One
Lugonu

Shops:
D:6 *


Innate Abilities, Weirdness & Mutations

You have hooves in place of feet.
Armour fits poorly on your strangely shaped body.
You cover ground very quickly.
You have extremely tough skin (AC +3).


Message History

The centaur warrior hits you but does no damage.
You hit the centaur warrior.
The centaur warrior is heavily wounded.
The centaur warrior hits you!
* * * LOW HITPOINT WARNING * * *
Damage: 11 (max 15)
You are too injured to fight recklessly!
You hit the centaur warrior but do no damage.
There is a sudden explosion of sparks!
Your kick misses the centaur warrior.
The centaur warrior is severely wounded.
The centaur warrior closely misses you.
You barely miss the centaur warrior.
The centaur warrior is severely wounded.
The centaur warrior hits you but does no damage.
You hit the centaur warrior.
You kick the centaur warrior, but do no damage.
The centaur warrior is severely wounded.
The centaur warrior hits you!
* * * LOW HITPOINT WARNING * * *
Damage: 12 (max 15)
You barely miss the centaur warrior. You kick the centaur warrior.
The centaur warrior is severely wounded.
The centaur warrior hits you!
* * * LOW HITPOINT WARNING * * *
The centaur warrior hits you.
* * * LOW HITPOINT WARNING * * *
Damage: 12 (max 15) Drink which item? (? for menu, Esc to quit)
Really quaff
J - 2 potions of heal wounds {!q}?
You feel much better. The centaur warrior hits you!
* * * LOW HITPOINT WARNING * * *
Unknown command.
You closely miss the centaur warrior. Your kick misses the centaur warrior.
The centaur warrior is severely wounded.
The centaur warrior hits you.
* * * LOW HITPOINT WARNING * * *
Damage: 4 (max 15)
You barely miss the centaur warrior.
The centaur warrior is severely wounded.
The centaur warrior hits you.
* * * LOW HITPOINT WARNING * * *
The centaur warrior hits you but does no damage.
Damage: 6 (max 15)
You hit the centaur warrior.
The centaur warrior is almost dead.
The centaur warrior misses you.
You hit the centaur warrior.
The centaur warrior is almost dead.
The centaur warrior hits you!
You die...

#################
#..........)....#
#.#####.#######.#
######## #.#
#.#######.##
.......#########.#
#...........
######.#.........#
#.#######.#. ##
#.#..#####..#####.#
#... .# #.#...#
#.@(.....#######...
## #.#.#.##
#c###.##...........
# #......###(#
#.############.
###.##.(..#########
#.
#........#.!##..#
#. #
####..P.##!.###.#
##' ##
#.....##'###(# ##..
.##
####....##...##.#
##... ..##
##.##....)....##.##
##....


You could see a centaur warrior.

Vanquished Creatures
  Pikel (D:3)
  Joseph (D:8)
  2 two-headed ogres (D:8)
  Sigmund (D:4)
  6 yaks (D:9)
  A hungry ghost (D:8)
  Menkaure (D:5)
  Edmund (D:5)
  An ice beast (D:7)
  5 black bears
  An orc warrior (D:7)
  4 sky beasts
  2 phantoms
  5 centaurs
  An eye of draining (D:9)
  3 big kobolds
  4 ogres
  Blork the orc (D:4)
  A wyvern zombie (D:6)
  6 giant frogs
  A scorpion (D:8)
  6 killer bees (D:9)
  An electric eel (D:6)
  2 vampire bats (D:5)
  7 crimson imps
  A giant frog skeleton (D:8)
  A centaur zombie (D:6)
  5 hounds
  12 orc wizards
  A giant frog zombie (D:6)
  2 quasits
  4 centaur skeletons
  2 jellies
  6 orc priests
  8 worker ants
  2 iguanas
  A killer bee zombie (D:6)
  3 hound skeletons
  4 hound zombies
  3 worker ant zombies (D:6)
  13 adders
  4 gnolls (D:6)
  3 shadow imps
  An ooze (D:8)
  3 adder skeletons
  3 adder zombies (D:6)
  6 worms
  A giant gecko (D:6)
  25 orcs
  A ball python (D:1)
  7 bats
  3 bat skeletons (D:5)
  2 bat zombies (D:5)
  8 giant cockroaches
  4 hobgoblins
  18 jackals
  58 kobolds
  5 quokkas
  5 giant newts
  5 goblins
  A quokka zombie (D:6)
  4 rats
300 creatures vanquished.

Vanquished Creatures (others)
  6 fungi (D:4)
6 creatures vanquished.

Grand Total: 306 creatures vanquished

Notes
Turn   | Place    | Note
--------------------------------------------------------------
     0 | D:1      | Gorice the Centaur Hunter began the quest for the Orb.
     0 | D:1      | Reached XP level 1. HP: 17/17 MP: 1/1
    95 | D:1      | Reached XP level 2. HP: 16/24 MP: 2/2
    96 | D:1      | Reached skill level 6 in Bows
   551 | D:1      | Reached XP level 3. HP: 20/29 MP: 3/3
  1217 | D:2      | Reached skill level 7 in Bows
  1838 | D:3      | Found a glowing silver altar of Zin.
  1903 | D:3      | HP: 6/29 [orc/dagger (3)]
  1904 | D:3      | Reached XP level 4. HP: 7/36 MP: 4/4
  1905 | D:3      | HP: 1/36 [orc/hand axe (6)]
  2086 | D:3      | Reached skill level 8 in Bows
  2146 | D:3      | Found a stormy altar of Qazlal.
  2258 | D:3      | Found a shattered altar of Ashenzari.
  2362 | D:3      | Found a blossoming altar of Fedhas.
  2482 | D:3      | Found a shimmering altar of Xom.
  2515 | D:3      | Reached XP level 5. HP: 29/41 MP: 5/5
  2570 | D:3      | Reached skill level 9 in Bows
  2654 | D:4      | Noticed a slave
  2654 | D:4      | Noticed a slave
  2654 | D:4      | Noticed a slave
  2654 | D:4      | Noticed a slave
  2656 | D:4      | Noticed Pikel
  2753 | D:3      | HP: 9/41 [crimson imp (4)]
  2892 | D:3      | Reached XP level 6. HP: 29/48 MP: 6/6
  3202 | D:4      | HP: 10/48 [iguana (9)]
  3203 | D:4      | Reached skill level 10 in Bows
  3508 | D:4      | Noticed Blork the orc
  3876 | D:4      | HP: 14/50 [orc wizard/dagger (3)]
  3881 | D:4      | Reached skill level 3 in Fighting
  3885 | D:4      | HP: 13/51 [something/puff of frost (8)]
  3927 | D:4      | HP: 15/51 [hound (2)]
  4393 | D:4      | Killed Blork the orc
  4393 | D:4      | Reached skill level 4 in Fighting
  4393 | D:4      | Reached XP level 7. HP: 28/59 MP: 7/7
  4524 | D:4      | HP: 16/60 [something/puff of frost (6)]
  4876 | D:4      | Noticed Sigmund
  4882 | D:4      | Killed Sigmund
  4882 | D:4      | Reached skill level 5 in Fighting
  5200 | D:4      | HP: 18/62 [Pikel/whip of electrocution (2)]
  5201 | D:4      | HP: 6/62 [slave[Pikel] (8)]
  5520 | D:3      | Killed Pikel
  5520 | D:3      | Reached skill level 7 in Fighting
  5520 | D:3      | Reached XP level 8. HP: 46/74 MP: 8/8
  5701 | D:4      | Reached skill level 8 in Fighting
  5780 | D:5      | Entered Level 5 of the Dungeon
  5846 | D:5      | Found a stormy altar of Qazlal.
  5966 | D:5      | Noticed Edmund
  5983 | D:5      | Killed Edmund
  6318 | D:5      | Noticed Menkaure
  6329 | D:5      | Killed Menkaure
  6329 | D:5      | Reached skill level 9 in Fighting
  6434 | D:5      | Found a radiant altar of Vehumet.
  6436 | D:5      | Found a burning altar of Makhleb.
  6702 | D:5      | Found an ancient bone altar of Kikubaaqudgha.
  6948 | D:5      | Reached skill level 10 in Fighting
  6948 | D:5      | Reached XP level 9. HP: 68/85 MP: 9/9
  7185 | D:6      | Found Fuoxuam's General Store.
  7233 | D:6      | Found a shadowy altar of Dithmenos.
  7444 | D:6      | Found a deep blue altar of Sif Muna.
  7671 | D:6      | Found a basalt altar of Yredelemnul.
  7671 | D:6      | Found a sparkling altar of Nemelex Xobeh.
  7707 | D:6      | Reached skill level 11 in Fighting
  9269 | D:7      | Reached skill level 12 in Fighting
  9338 | D:7      | Found a shimmering altar of Xom.
  9380 | D:7      | Found a staircase to the Ecumenical Temple.
  9404 | Temple   | Entered the Ecumenical Temple
  9446 | Temple   | Became a worshipper of Warmaster Okawaru
  9517 | D:7      | Reached skill level 1 in Maces & Flails
  9560 | D:7      | Reached skill level 2 in Dodging
  9940 | D:7      | Reached skill level 2 in Maces & Flails
  9989 | D:7      | Acquired Okawaru's first power
  9989 | D:7      | Reached XP level 10. HP: 65/97 MP: 10/10
 10261 | D:8      | Reached skill level 3 in Dodging
 10280 | D:8      | Noticed Joseph
 10390 | D:8      | Killed Joseph
 10390 | D:8      | Reached skill level 3 in Maces & Flails
 10745 | D:8      | Reached skill level 4 in Maces & Flails
 10772 | D:8      | Reached skill level 4 in Dodging
 11321 | D:8      | Found a glowing golden altar of the Shining One.
 11552 | D:9      | HP: 24/97 [centaur/arrow (6)]
 11559 | D:9      | HP: 8/97 [centaur/arrow (6)]
 11564 | D:9      | HP: 2/97 [centaur/arrow (4)]
 12411 | D:9      | Reached skill level 5 in Maces & Flails
 12449 | D:9      | Reached skill level 5 in Dodging
 12481 | D:9      | HP: 29/97 [yak (8)]
 12486 | D:9      | HP: 26/97 [yak (4)]
 12584 | D:9      | HP: 23/97 [orc priest/divine providence (15)]
 13119 | D:9      | Reached skill level 6 in Maces & Flails
 13850 | D:9      | Noticed a centaur warrior
 13868 | D:9      | HP: 28/97 [centaur warrior (11)]
 13872 | D:9      | HP: 6/97 [centaur warrior (11)]
 13877 | D:9      | Slain by a centaur warrior

Vault maps used:
D:1:      onia_arrival_pyramid
D:2:      hangedman_feature_mirror
D:3:      grunt_temple_overflow_forces_of_nature, zin_scriptorium,
          evilmike_ruin_ashenzari, led_xom_imps
D:4:      serial_aquarium, aquarium_bridge_long_separate, aquarium_window_fake,
          aquarium_window_fake, aquarium_window_corridor_2, aquarium_view_2c,
          aquarium_view_2d, nrook_mini_vaults, solitary_fountain, uniq_pikel,
          uniq_blork_the_orc, uniq_sigmund
D:5:      grunt_temple_overflow_lords_of_destruction, kennysheep_vampire_church,
          first_bread, basic_altar, st_stairs_9, guppyfry_early_lair_pool,
          uniq_menkaure, uniq_edmund
D:6:      minmay_goblin_kobold_castle, gammafunk_temple_overflow_wave,
          nicolae_dithmenos_shadow_blocks, nicolae_overflow_hidden_temple,
          serial_undead, serial_undead_b, serial_undead_c, serial_undead_e,
          serial_undead_c, serial_shops, kennysheep_mini_moat,
          serial_park_tiny_pond, kennysheep_nondescript
D:7:      minmay_temple_entry_glassed_door, basic_altar
D:8:      lemuel_crystal_altar, uniq_joseph
D:9:      blue_anna_alchemist
Temple:   corrupted_temple

Action                   |  1- 3 |  4- 6 |  7- 9 | 10-12 || total
-------------------------+-------+-------+-------+-------++-------
Melee: Short sword       |    77 |       |       |       ||    77
       Rapier            |    16 |   223 |    17 |       ||   256
       Whip              |       |       |   312 |   154 ||   466
 Fire: Shortbow          |    78 |    55 |   255 |   214 ||   602
Throw: Stone             |       |     1 |     1 |       ||     2
Evoke: Wand              |       |       |     4 |       ||     4
  Use: Scroll            |     6 |     1 |     8 |     6 ||    21
       Potion            |       |     2 |       |     1 ||     3
  Eat: Chunk             |     2 |     7 |    10 |    11 ||    30
       Meat ration       |       |       |     1 |       ||     1

Table legend:
 A = Turns spent in this place as a percentage of turns spent in the entire game.
 B = Non-inter-level travel turns spent in this place as a percentage of non-inter-level travel turns spent in the entire game.
 C = Inter-level travel turns spent in this place as a percentage of turns spent in this place.
 D = Turns resting spent in this place as a percentage of non-inter-level travel turns spent in this place.
 E = Turns spent auto-exploring this place as a percentage of non-inter-level travel turns spent in this place.
 F = Non-inter-level travel turns spent in this place divided by the number of levels of this place that you've seen.
                   A       B       C       D       E      F
               +-------+-------+-------+-------+-------+----------------------
         Total | 100.0 | 100.0 |   0.4 |   2.3 |   4.5 | 505.8
       Dungeon |  99.5 |  99.5 |   0.3 |   2.3 |   4.3 | 559.3
        Temple |   0.5 |   0.5 |   4.0 |   0.0 |  33.3 |  24.0
               +-------+-------+-------+-------+-------+----------------------

Vault maps used:
D:1:      onia_arrival_pyramid
D:2:      hangedman_feature_mirror
D:3:      grunt_temple_overflow_forces_of_nature, zin_scriptorium,
          evilmike_ruin_ashenzari, led_xom_imps
D:4:      serial_aquarium, aquarium_bridge_long_separate, aquarium_window_fake,
          aquarium_window_fake, aquarium_window_corridor_2, aquarium_view_2c,
          aquarium_view_2d, nrook_mini_vaults, solitary_fountain, uniq_pikel,
          uniq_blork_the_orc, uniq_sigmund
D:5:      grunt_temple_overflow_lords_of_destruction, kennysheep_vampire_church,
          first_bread, basic_altar, st_stairs_9, guppyfry_early_lair_pool,
          uniq_menkaure, uniq_edmund
D:6:      minmay_goblin_kobold_castle, gammafunk_temple_overflow_wave,
          nicolae_dithmenos_shadow_blocks, nicolae_overflow_hidden_temple,
          serial_undead, serial_undead_b, serial_undead_c, serial_undead_e,
          serial_undead_c, serial_shops, kennysheep_mini_moat,
          serial_park_tiny_pond, kennysheep_nondescript
D:7:      minmay_temple_entry_glassed_door, basic_altar
D:8:      lemuel_crystal_altar, uniq_joseph
D:9:      blue_anna_alchemist
Temple:   corrupted_temple
